 Dungeon Crawl Stone Soup version 0.22-a0-348-gd16d139 (webtiles) character file.

1106 Goblin1989 the Insei (level 8, -9/61 HPs)
             Began as a Demonspawn Transmuter on Apr 9, 2018.
             Splashed by a jelly's acid (10 damage)
             ... on level 4 of the Dungeon.
             The game lasted 00:17:07 (7805 turns).

Goblin1989 the Insei (Demonspawn Transmuter)        Turns: 7805, Time: 00:17:09

Health: -9/61      AC: -6    Str: 11      XL:     8   Next: 11%
Magic:  8/11       EV: 22    Int: 16      God:
Gold:   245        SH:  0    Dex: 18 (19) Spells: 5/11 levels left

rFire    . . .     SeeInvis .     - Unarmed
rCold    . . .     Gourm    .   (shield currently unavailable)
rNeg     . . .     Faith    .   (armour currently unavailable)
rPois    x         Spirit   .   (helmet currently unavailable)
rElec    .         Reflect  .   (cloak currently unavailable)
rCorr    .         Harm     .   (gloves currently unavailable)
MR       .....                  (boots currently unavailable)
Stlth    ++........             (no amulet)
HPRegen  0.20/turn              (no ring)
MPRegen  0.12/turn              (no ring)

@: spider-form, corroded
A: tiny, rugged brown scales 1, foul stench 1, rot immunity
a: End Transformation


You were on level 4 of the Dungeon.
You were very hungry.
You were a venomous arachnid creature.
You visited 1 branch of the dungeon, and saw 5 of its levels.

You collected 245 gold pieces.

Inventory:

Hand Weapons
 b - a +2 hunting sling of freezing
 w - a cursed -3 blowgun {@w1}
 A - a cursed -3 blowgun {@w1}
Missiles
 a - 54 arrows
 n - 89 stones (quivered) {@Q3}
 o - 58 sling bullets
 z - 7 curare-tipped needles
Armour
 s - a +0 buckler
 v - a +0 robe (melded)
Jewellery
 r - a cursed ring of loudness {unknown}
Scrolls
 h - 3 scrolls of enchant weapon {unknown}
 j - 4 scrolls of amnesia {unknown}
 l - 3 scrolls of remove curse {unknown}
 q - 10 scrolls of identify {unknown}
 t - a scroll of fog {unknown}
 u - a scroll of enchant armour {unknown}
 x - 2 scrolls of fear {unknown}
 y - a scroll of magic mapping {unknown}
 C - a scroll of immolation {unknown}
Potions
 g - 2 potions of curing {@q1}
 p - 2 potions of lignification {unknown}
Comestibles
 e - 7 rations


   Skills:
 + Level 3.7 Fighting
 + Level 3.8 Dodging
 * Level 5.6 Unarmed Combat
 - Level 2.0 Spellcasting
 + Level 5.4 Transmutations


You had 5 spell levels left.
You knew the following spells:

 Your Spells              Type           Power        Failure   Level  Hunger
a - Beastly Appendage     Tmut           ###...       9%          1    #......
b - Spider Form           Tmut/Pois      ##........   41%         3    ###....
c - Sticks to Snakes      Tmut           ###.....     11%         2    ###....


Dungeon Overview and Level Annotations

Branches:
Dungeon (5/15)
 Temple: D:4-7

Altars:


Innate Abilities, Weirdness & Mutations

((You have a pair of horns on your head.))
(You are partially covered in rugged brown scales. (AC +1, +3% HP))
You may emit foul miasma when damaged in melee.
You are immune to rotting.


Message History

You punch the crimson imp!
The crimson imp is heavily wounded.
The crimson imp spits at you.
The crimson imp hits you but does no damage.
You hit the crimson imp.
The crimson imp is severely wounded.
The crimson imp hits you.
You miss the crimson imp.
The crimson imp is heavily wounded.
The orc priest invokes the aid of Beogh against you.
Beogh smites you! The crimson imp closely misses you.
You hit the crimson imp.
You headbutt the crimson imp, but do no damage.
The crimson imp is severely wounded.
You barely miss the crimson imp.
The crimson imp is severely wounded.
The crimson imp misses you.
You barely miss the crimson imp.
The crimson imp is severely wounded.
The crimson imp hits you but does no damage.
You barely miss the crimson imp.
The crimson imp is severely wounded.
The crimson imp hits you.
You hit the crimson imp. Your punch misses the crimson imp.
The crimson imp is severely wounded.
The crimson imp hits you.
You hit the crimson imp.
The crimson imp is almost dead.
The crimson imp closely misses you.
You punch the crimson imp!
You kill the crimson imp!
The orc priest casts a cantrip, but nothing happens.
You barely miss the jelly. The jelly closely misses you.
You take 14 damage, and have 47/61 hp.
MASSIVE DAMAGE!!
You hit the jelly but do no damage.
Your hands burn!
You headbutt the jelly, but do no damage.
You take 5 damage, and have 42/61 hp.
You punch the jelly! The acid corrodes you!
Your hands burn!
You headbutt the jelly, but do no damage.
The jelly is heavily wounded.
The jelly completely misses you.
You take 3 damage, and have 39/61 hp.
You hit the jelly.
Your hands burn!
The jelly is severely wounded.
The jelly barely misses you.
You take 1 damage, and have 38/61 hp.
MP restored: 11 You hit the jelly.
Your hands burn!
The jelly is almost dead.
The jelly hits you. The acid corrodes you!
You are splashed with acid!
The acid burns!
* * * LOW HITPOINT WARNING * * *
You are too injured to fight recklessly!
You take 15 damage, and have 23/61 hp.
MASSIVE DAMAGE!!
You are too injured to fight recklessly!
You are too injured to fight recklessly!
You are too injured to fight recklessly!
You are too injured to fight recklessly!
Unknown command.
There is a stone staircase leading up here.
The jelly misses you.
You climb upwards.
There is a stone staircase leading down here.
The jelly hits you.
* * * LOW HITPOINT WARNING * * *
You are splashed with acid!
The acid burns!
* * * LOW HITPOINT WARNING * * *
You take 13 damage, and have 11/61 hp.
MASSIVE DAMAGE!!
You barely miss the jelly.
The jelly is almost dead.
The jelly hits you.
* * * LOW HITPOINT WARNING * * *
You are splashed with acid!
The acid burns!
* * * LOW HITPOINT WARNING * * *
You take 8 damage, and have 3/61 hp.
You feel better.
The jelly jiggles.
The jelly closely misses you.
You regained 5 hp, and now have 9/61 hp.
You hit the jelly but do no damage.
Your hands burn!
* * * LOW HITPOINT WARNING * * *
You headbutt the jelly, but do no damage.
The jelly is almost dead.
The jelly closely misses you.
You take 1 damage, and have 8/61 hp.
Unknown command.
Casting: Spider Form (safe; 21% risk of failure)
Confirm with . or Enter, or press ? or * to list all spells.
You turn into a venomous arachnid creature.
Your +0 robe melds into your body.
The jelly jiggles.
The jelly misses you.
You now have 8/11 mp.
You hit the jelly.
Your front legs burn!
* * * LOW HITPOINT WARNING * * *
The jelly is almost dead.
The jelly hits you.
* * * LOW HITPOINT WARNING * * *
You are splashed with acid!
The acid burns!
You die...

....██ █.[[.......█......█
.....██████[.██...██......█
........███..██...██......█
§§§.......█...............█
≈§§.......█....>..........█
≈≈≈.......█...............█
≈.........█....)..........█
........███..██.J.██[.....█
........███..██.s.██......█
.....).......∆....███████∆█
.....<.......█.....█......█
.............█.....█......█
.............█.....█......█
.............█.....█......█
.........[...█.....█......█
............<█.....█.....<█


███████████████████████████ You could see a jelly.

Vanquished Creatures
  Sigmund (D:4)
  The ghost of Goblin1989 the Changer, an amateur OpTm (D:3)
  An ogre (D:4)
  A howler monkey (D:4)
  2 crimson imps
  A hound (D:4)
  A quasit (D:5)
  4 orc priests
  4 orc wizards
  Natasha (thrice) (D:2)
  5 worker ants
  4 gnolls (D:2)
  An adder (D:2)
  An ooze (D:1)
  6 dart slugs
  A leopard gecko (D:1)
  15 orcs
  7 giant cockroaches
  7 goblins
  12 hobgoblins
  7 jackals
  A quokka (D:2)
  10 bats
  3 frilled lizards
  A giant cockroach zombie (D:2)
  11 kobolds
  A leopard gecko skeleton (D:4)
  12 rats
124 creatures vanquished.

Notes
Turn   | Place    | Note
-------+----------+-------------------------------------------
     0 | D:1      | Goblin1989 the Demonspawn Transmuter began the quest for the Orb.
     0 | D:1      | Reached XP level 1. HP: 15/15 MP: 3/3
   413 | D:1      | Gained mutation: You have a pair of small horns on your head. [demonic ancestry]
   413 | D:1      | Reached XP level 2. HP: 21/21 MP: 5/5
   888 | D:1      | Reached XP level 3. HP: 18/26 MP: 4/6
   893 | D:1      | Learned a level 3 spell: Spider Form
   896 | D:1      | Learned a level 2 spell: Sticks to Snakes
  1937 | D:2      | Noticed Natasha
  1949 | D:2      | Killed Natasha
  1949 | D:2      | Gained mutation: You are partially covered in rugged brown scales. (AC +1, +3% HP) [demonic ancestry]
  1949 | D:2      | Reached XP level 4. HP: 26/32 MP: 3/7
  2322 | D:2      | Noticed Natasha
  2331 | D:2      | Killed Natasha
  2446 | D:2      | Noticed Natasha
  2451 | D:2      | Killed Natasha
  2451 | D:2      | Reached XP level 5. HP: 21/38 MP: 4/8
  3518 | D:3      | Noticed Goblin1989's ghost (amateur OpTm)
  4258 | D:3      | Gained mutation: You are immune to rotting. [demonic ancestry]
  4258 | D:3      | Reached XP level 6. HP: 32/45 MP: 6/9
  5303 | D:3      | Killed Goblin1989's ghost
  5723 | D:4      | Gained mutation: You have a pair of horns on your head. [demonic ancestry]
  5723 | D:4      | Reached XP level 7. HP: 6/52 MP: 7/10
  5737 | D:3      | HP: 2/52 [poisoned by a worker ant]
  5745 | D:3      | HP: 2/52 [poisoned by a worker ant]
  6216 | D:4      | Noticed Sigmund
  6242 | D:4      | Reached skill level 5 in Transmutations
  6261 | D:4      | Killed Sigmund
  6261 | D:4      | Reached skill level 5 in Unarmed Combat
  7670 | D:5      | Entered Level 5 of the Dungeon
  7678 | D:5      | Gained mutation: You may emit foul miasma when damaged in melee. [demonic ancestry]
  7678 | D:5      | Reached XP level 8. HP: 58/60 MP: 7/11
  7792 | D:4      | HP: 3/61 [acid (7)]
  7805 | D:4      | HP: 1/61 [jelly (3)]
  7805 | D:4      | Splashed by a jelly's acid

Vault maps used:
D:1:      dpeg_arrival_rooms_with_view, minivault_11, minmay_quantized
D:2:      uniq_natasha
D:3:      minmay_close_crescents
D:4:      serial_glass, glass_columns_a, glass_columns_a, first_ration,
          lemuel_old_faithful, uniq_sigmund
D:5:      old_forge, lemuel_doored_altar

Skill      XL: |  1  2  3  4  5  6  7 |
---------------+----------------------+-----
Transmutations | 2 3 4 5 |  5.4
Dodging        | 2 3 |  3.8
Unarmed Combat | 3 4 5 |  5.6
Fighting       | 2 3 |  3.7
Spellcasting   | |  2.0

Action                   |  1- 3 |  4- 6 |  7- 9 || total
-------------------------+-------+-------+-------++-------
Melee: Unarmed           |   123 |   222 |   121 ||   466
       Headbutt          |    24 |    24 |     9 ||    57
       Kick              |     5 |       |       ||     5
       Punch             |       |     2 |       ||     2
 Fire: Hunting sling     |       |     2 |       ||     2
 Cast: Beastly Appendage |     3 |       |       ||     3
       Spider Form       |     1 |    11 |    12 ||    24
  Use: Potion            |       |       |     2 ||     2
 Stab: Sleeping          |     3 |     1 |       ||     4
  Eat: Chunk             |     3 |     7 |     7 ||    17
       Ration            |       |     2 |       ||     2
Armor: Robe              |    13 |    48 |     7 ||    68
       Skin              |       |       |     1 ||     1
Dodge: Dodged            |    78 |   199 |    96 ||   373

Table legend:
 A = Spawn XP
 B = Non-spawn XP
 C = Spawn XP percentage of total XP
 D = Spawn monster count
 E = Non-spawn monster count
 F = Spawn count percentage of total count
 G = Total turns spent on level
                    A         B        C        D         E        F      G
               +---------+---------+-------+---------+---------+-------+---------
         Total |       0 |    1581 |   0.0 |       0 |     124 |   0.0 |  7805
               +---------+---------+-------+---------+---------+-------+---------
           D:1 |       0 |      75 |   0.0 |       0 |      36 |   0.0 |  2151
           D:2 |       0 |     312 |   0.0 |       0 |      39 |   0.0 |  2411
           D:3 |       0 |     317 |   0.0 |       0 |      22 |   0.0 |  1826
           D:4 |       0 |     706 |   0.0 |       0 |      21 |   0.0 |  1298
           D:5 |       0 |     171 |   0.0 |       0 |       6 |   0.0 |   119
               +---------+---------+-------+---------+---------+-------+---------

Vault maps used:
D:1:      dpeg_arrival_rooms_with_view, minivault_11, minmay_quantized
D:2:      uniq_natasha
D:3:      minmay_close_crescents
D:4:      serial_glass, glass_columns_a, glass_columns_a, first_ration,
          lemuel_old_faithful, uniq_sigmund
D:5:      old_forge, lemuel_doored_altar
